 Seeded DCSS version 0.30.1-4-g462c640d31 (webtiles) character file.

Game seed: 2842366465528096812 (custom seed)

7 Psyclone the Stinger (level 2, 17/17 HPs)
             Began as an Octopode Venom Mage on Sept 18, 2023.
             Quit the game on level 2 of the Dungeon.
             The game lasted 00:01:03 (102 turns).

Psyclone the Stinger (Octopode Venom Mage)           Turns: 102, Time: 00:01:04

Health: 17/17      AC:  1    Str:  7    XL:     2   Next: 0%
Magic:  1/5        EV: 13    Int: 17    God:
Gold:   0          SH:  0    Dex: 12    Spells: 4/5 levels left

rFire   . . .        b - +0 hand axe
rCold   . . .        (no shield)
rNeg    . . .        (helmet restricted)
rPois   .            (no amulet)
rElec   .            (no ring)
rCorr   .            (no ring)
SInv    .            (no ring)
Will    .....        (no ring)
Stlth   +++          (no ring)
HPRegen 0.22/turn    (no ring)
MPRegen 0.09/turn    (no ring)
                     (no ring)

%: no passive effects
@: no status effects
A: almost no armour, amphibious, 8 rings, camouflage 1, gelatinous body 1,
(nimble swimmer 1), tentacles
a: no special abilities


You were on level 2 of the Dungeon.
You visited 1 branch of the dungeon, and saw 2 of its levels.

Inventory:

Hand Weapons
 b - a +0 hand axe (weapon)
Potions
 a - a potion of magic


   Skills:
 + Level 2.1 Dodging
 + Level 2.9 Stealth
 + Level 2.1 Spellcasting
 + Level 1.2 Transmutations
 + Level 3.7 Poison Magic


You had 4 spell levels left.
You knew the following spells:

 Your Spells              Type           Power      Damage    Failure   Level
a - Sting                 Tmut/Pois      40%        1d5       7%          1

Your spell library contained the following spells:

 Spells                   Type           Power      Damage    Failure   Level
 Poisonous Vapours        Pois/Air       16%        N/A       14%         2
 Mephitic Cloud           Conj/Pois/Air  6%         N/A       34%         3
 Olgreb's Toxic Radiance  Pois           14%        N/A       38%         4
 Alistair's Intoxication  Tmut/Pois      6%         N/A       88%         5
 Borgnjor's Vile Clutch   Necr/Erth      0%         N/A       99%         5
 Eringya's Noxious Bog    Tmut/Pois      5%         N/A       100%        6


Dungeon Overview and Level Annotations

Branches:
Dungeon (2/15) Zot: 11898

Altars:
Wu Jian


Innate Abilities, Weirdness & Mutations

You cannot wear most types of armour.
You are amphibious.
You can wear up to eight rings at the same time.
Your skin changes colour to match your surroundings (Stealth+).
Your rubbery body absorbs attacks. (AC +1, EV +1)
((You are camouflaged when in or above water. (Stealth+)))
You have tentacles for arms and can constrict up to eight enemies at once.


Message History

You start resting.
HP restored.
Health restored: 11 You see here a hobgoblin corpse.
Found a scroll labelled HABAITR CAUMIA.
Casting: Sting (safe; 7% risk of failure)
Confirm with . or Enter, or press ? or * to list all spells.
You can't see any susceptible monsters within range! (Use Z to cast anyway.)
Found a ring mail.
An adder comes into view.
c - a scroll labelled HABAITR CAUMIA This is a scroll of acquirement!
You see here Great Wizards, Vol.
II.
Something appears before you!
A dart slug comes into view.
You pick up Great Wizards, Vol.
II and begin reading...
You add the spells Alistair's Intoxication, Borgnjor's Vile Clutch and Eringya's Noxious Bog to your library.
Casting: Sting (safe; 7% risk of failure)
Confirm with . or Enter, or press ? or * to list all spells.
Aiming: Sting (safe; 7% risk of failure)
Press: ? - help, Shift-Dir - straight line, f - dart slug
Aim: a dart slug (100% to hit)
The sting hits the dart slug.
The dart slug is poisoned.
The dart slug is lightly wounded.
You now have 2/3 mp.
Casting: Sting (safe; 7% risk of failure)
Confirm with . or Enter, or press ? or * to list all spells.
Aiming: Sting (safe; 7% risk of failure)
Press: ? - help, Shift-Dir - straight line, f/p - dart slug
Aim: a dart slug (moderately wounded, poisoned, 100% to hit)
The sting hits the dart slug.
The dart slug looks even sicker.
The dart slug is heavily wounded.
You now have 1/3 mp.
You hit the dart slug. You grab the dart slug.
The dart slug is almost dead.
You constrict the dart slug.
You kill the dart slug!
You have reached level 2!
Health restored: 17
Okay, then.
Are you sure you want to abandon this character and quit the game? (Confirm with "yes".)

##.###.. #.# #.# ..
S..#...#######.#
#.# .. #..
#.........# #.#
##.###.###.########
#.# ...#...#..# #.#
#.. #...#.# #.#
##.###.#### #.#
#...#†..# #.#
#[@.#..# #.#
##.###.# #.. ... ##
### ..#.. #.# #.. #
.. ..# #. ##. .##
#.. # # #. #.


There were no monsters in sight!

Vanquished Creatures
  A dart slug (D:2)
  A giant cockroach (D:2)
  2 hobgoblins (D:2)
4 creatures vanquished.

Notes
Turn   | Place    | Note
-------+----------+-------------------------------------------
     0 | D:1      | Psyclone the Octopode Venom Mage began the quest for the
                  | Orb.
     0 | D:1      | Reached XP level 1. HP: 11/11 MP: 3/3
    10 | D:2      | Found an ornate altar of the Wu Jian Council.
    97 | D:2      | Identified a scroll of acquirement
    97 | D:2      | Acquired Great Wizards, Vol. II
   102 | D:2      | Reached XP level 2. HP: 17/17 MP: 1/5
   102 | D:2      | Quit the game

Illustrated notes

Levels and vault maps discovered:
D:1:      heliophobic_arrival_enchanted_forest, layout_rooms
D:2:      layout_loops_ring, serial_shops, shop, nicolae_square_shop, shop,
          basic_altar, shapermc_ecumenical_altar_starsandcircs,
          minmay_misc_feat_iff, kennysheep_doodads, minivault_19

Action                     || total
---------------------------++-------
  Melee: Unarmed           ||     9
         Constrict         ||     4
         Hand axe          ||     1
         Tentacles         ||     1
   Cast: Sting             ||     5
    Use: Scroll            ||     1
 Armour: Skin              ||     1
  Dodge: Dodged            ||     7
